 Dungeon Crawl Stone Soup version 0.29.1-15-g9cfb28693d (webtiles) character file.

Game seed: 10024403901028030129

9 protoss039 the Digger (level 2, 17/20 HPs)
             Began as a Demonspawn Earth Elementalist on Mar 24, 2023.
             Got out of the dungeon alive.
             The game lasted 00:00:53 (407 turns).

protoss039 the Digger (DsEE)                         Turns: 407, Time: 00:00:53

Health: 17/20      AC:  5    Str:  8    XL:     2   Next: 6%
Magic:  4/5        EV: 10    Int: 16    God:
Gold:   16         SH:  0    Dex: 13    Spells: 4/5 levels left

rFire   . . .      SeeInvis .   i - +1 dagger (drain)
rCold   . . .      Faith    .   (no shield)
rNeg    . . .      Spirit   .   g - +0 ring mail
rPois   .          Reflect  .   (no helmet)
rElec   .          Harm     .   (no cloak)
rCorr   .          Rampage  .   (no gloves)
Will    .....                   (no boots)
Stlth   +.........              (no amulet)
HPRegen 0.06/turn               (no ring)
MPRegen 0.09/turn               (no ring)

@: no status effects
A: demonic guardian 1
a: no special abilities


You escaped.
You visited 1 branch of the dungeon, and saw 1 of its levels.

You collected 16 gold pieces.

Inventory:

Hand Weapons
 i - a +1 dagger of draining (weapon)
Armour
 g - a +0 ring mail (worn)
Scrolls
 a - a scroll of blinking {unknown}
 c - a scroll of fear {unknown}
 d - a scroll of fog {unknown}
Potions
 b - a potion of magic
 e - a potion of curing {unknown}
 h - 2 potions of cancellation {unknown}


   Skills:
 + Level 0.6 Fighting
 * Level 0.4 Armour
 - Level 1.7 Dodging
 - Level 1.7 Stealth
 + Level 2.1 Spellcasting
 - Level 0.8 Transmutations
 + Level 2.8 Earth Magic


You had 4 spell levels left.
You knew the following spells:

 Your Spells              Type           Power      Damage    Failure   Level
a - Sandblast             Erth           20%        2d7       19%         1

Your spell library contained the following spells:

 Spells                   Type           Power      Damage    Failure   Level
 Passwall                 Tmut/Erth      5%         N/A       41%         2
 Stone Arrow              Conj/Erth      12%        3d7       71%         3
 Petrify                  Tmut/Erth      7%         N/A       96%         4


Dungeon Overview and Level Annotations

Branches:
Dungeon (1/15) Zot: 5591

Altars:

Annotations:
D:1 1 transporter


Innate Abilities, Weirdness & Mutations

A weak demonic guardian rushes to your aid.


Message History

Unknown command.
You start resting.
A giant cockroach comes into view.
Casting: Sandblast (safe; 21% risk of failure)
Confirm with . or Enter, or press ? or * to list all spells.
Aiming: Sandblast (safe; 21% risk of failure)
Press: ? - help, Shift-Dir - straight line, f - giant cockroach
Aim: a giant cockroach (wandering, hasn't noticed you, 82% to hit)
The blast of sand hits the giant cockroach.
The giant cockroach is moderately wounded.
Unknown command.
Casting: Sandblast (safe; 21% risk of failure)
Confirm with . or Enter, or press ? or * to list all spells.
Aiming: Sandblast (safe; 21% risk of failure)
Press: ? - help, Shift-Dir - straight line, f/p - giant cockroach
Aim: a giant cockroach (moderately wounded, 82% to hit)
The blast of sand misses the giant cockroach.
Unknown command.
A giant cockroach is nearby!
You hit the giant cockroach.
You kill the giant cockroach!
You have reached level 2!
Your demonic ancestry asserts itself...
You feel the presence of a demonic guardian.
Unknown command.
Unknown command.
The bat closely misses you.
You can't go up here!
You hit the bat.
You kill the bat!
No target in view!
No target in view!
There is a staircase leading out of the dungeon here.
Are you sure you want to leave the Dungeon?
This will make you lose the game!
Alright, then stay!
Unknown command.
Unknown command.
Unknown command.
Are you sure you want to leave the Dungeon?
This will make you lose the game!
You have escaped!

####### .. #.....# ...
#.....# ... #.....##
..##......#
########.###
###########.....#
#....©##©#.####.#######
#.....###@#...........#
#.....##.#.####.#####.#
# #.....#.#.#.###.# #.#
# ######.##...........#
#.# #
#..)...##############
#.# # #.####.### #.# #
#........# #######
#####.# ####........#
#.)...# #.....#
............####[>...#
#.....#


There were no monsters in sight!

Vanquished Creatures
  2 bats (D:1)
  An endoplasm (D:1)
  A giant cockroach (D:1)
  A hobgoblin (D:1)
  3 kobolds (D:1)
8 creatures vanquished.

Notes
Turn   | Place    | Note
-------+----------+-------------------------------------------
     0 | D:1      | protoss039 the Demonspawn Earth Elementalist began the
                  | quest for the Orb.
     0 | D:1      | Reached XP level 1. HP: 13/13 MP: 3/3
   373 | D:1      | Gained mutation: A weak demonic guardian rushes to your
                  | aid. [demonic ancestry]
   373 | D:1      | Reached XP level 2. HP: 15/20 MP: 1/5
   407 | D:$      | Got out of the dungeon alive.

Illustrated notes

Levels and vault maps discovered:
D:1:      spicycebolla_arrival_risky_transporter, layout_loops_cross,
          basic_ecumenical_altar, minmay_splitting_lines

Action                   || total
-------------------------++-------
Melee: Dagger            ||     8
 Cast: Sandblast         ||     7
Armor: Ring mail         ||     3
       Robe              ||     1
Dodge: Dodged            ||     3
